 Dungeon Crawl Stone Soup version 0.31-a0-986-g5e6e4ef867 (webtiles) character file.

Game seed: 8762428272486161386

21 Snarg the Vexing (level 2, -2/31 HPs)
             Began as a Barachi Hexslinger on Nov 17, 2023.
             Killed from afar by an orc wizard (6 damage)
             ... with a magic dart
             ... on level 2 of the Dungeon.
             The game lasted 00:03:20 (868 turns).

Snarg the Vexing (Barachi Hexslinger)                Turns: 868, Time: 00:03:23

Health: -2/31      AC: 21    Str: 15    XL:     2   Next: 83%
Magic:  0/3        EV:  2    Int: 13    God:
Gold:   25         SH:  0    Dex: 14    Spells: 1/3 levels left

rFire   . . .        a - +1 sling
rCold   . . .        (no shield)
rNeg    . . .        c - melded +0 robe
rPois   +            (helmet currently unavailable)
rElec   .            (cloak currently unavailable)
rCorr   .            (gloves currently unavailable)
SInv    .            (boots currently unavailable)
Will    .....        (no amulet)
Stlth   +            i - +6 ring of strength
HPRegen 0.25/turn    (no ring)
MPRegen 0.08/turn

%: no passive effects
@: tree-form, weak-willed, unable to hop, very slightly contaminated
A: stationary, stasis, torment immunity, boosted hp, (amphibious), (slowness 1),
(strong legs 1), +LOS
a: no special abilities


You were on level 2 of the Dungeon.
You were a tree.
You visited 1 branch of the dungeon, and saw 2 of its levels.

You collected 25 gold pieces.

Inventory:

Hand Weapons
 a - a +1 sling (weapon)
 e - a +0 dagger
 n - a +0 quarterstaff
 o - a +0 short sword
Missiles
 l - 14 stones
Armour
 c - a +0 robe (melded)
Jewellery
 i - a +6 ring of strength (left branch)
Scrolls
 d - 4 scrolls of identify {unknown}
 f - a scroll of fear {unknown}
 g - a scroll of vulnerability {unknown}
Potions
 j - a potion of heal wounds {unknown}
 k - a potion of degeneration {unknown}
 m - a potion of might {unknown}


   Skills:
 + Level 1.3 Fighting
 + Level 2.5 Ranged Weapons
 + Level 2.1 Dodging
 + Level 1.1 Spellcasting
 + Level 3.9 Hexes
 + Level 1.1 Fire Magic


You had one spell level left.
You knew the following spells:

 Your Spells              Type           Power      Damage    Failure   Level
a - Jinxbite              Hex            22%        N/A       9%          2

Your spell library contained the following spells:

 Spells                   Type           Power      Damage    Failure   Level
 Sigil of Binding         Hex            11%        N/A       16%         3
 Inner Flame              Hex/Fire       7%         N/A       30%         3
 Blink                    Tloc           0%         N/A       38%         2
 Lesser Beckoning         Tloc           0%         N/A       38%         2
 Momentum Strike          Conj/Tloc      0%         3d8       38%         2
 Cause Fear               Hex            5%         N/A       47%         4
 Dimensional Bullseye     Hex/Tloc       2%         N/A       77%         4


Dungeon Overview and Level Annotations

Branches:
Dungeon (2/15)

Altars:

Shops:
D:1 (

Annotations:
D:1 clr


Innate Abilities, Weirdness & Mutations

You are a tree.
Your roots penetrate the ground, keeping you stationary.
You cannot be teleported.
You are immune to unholy pain and torment.
Your maximum health is greatly increased.
Your equipment is partially melded.
((You are amphibious.))
((You cover ground slowly.))
((You can hop short distances.))
You have an extended range of vision and can be seen from far away.


Message History

Unknown command.
Fire: a) +1 sling
Press: ? - help, Shift-Dir - straight line, f - hobgoblin, p - orc
Aim: a hobgoblin (57% to hit)
You shoot a sling bullet. Something hits you.
An orc comes into view. It is wielding a +0 hand axe.
Unknown command.
Okay, then.
Unknown command.
Unknown command.
Hop to where?
Press: ? - help, Dir - move target, p - hobgoblin Boing!
The orc seems less drained.
A puff of flame appears from out of thin air!
The puff of flame hits you!
* * * LOW HITPOINT WARNING * * *
The orc throws a boomerang.
The boomerang closely misses you.
It was a potion of lignification.
You turn into a tree.
Your +0 robe melds into your body.
Your roots penetrate the ground.
The orc throws a boomerang.
The boomerang hits you but does no damage.
The air fills with toxic fumes!
As you read the scroll of poison, it crumbles to dust.
Unknown command.
Unknown command.
Fire: a) +1 sling
Press: ? - help, Shift-Dir - straight line, f - hobgoblin
Aim: a hobgoblin (57% to hit)
Okay, then.
Unknown command.
Unknown command.
Casting: Jinxbite (safe; 9% risk of failure)
Confirm with . or Enter, or press ? or * to list all spells.
You miscast Jinxbite.
You are very lightly contaminated with residual magic.
Nothing appears to happen.
A magic dart appears from out of thin air!
The magic dart hits you.
You die...

#.#§§.#
#.#
#.#§#)#
#.# #§go#
#.####.###
##o##
#.........
#o# #....
#§# #####
#{# # #§#
# #♣# #
#§###### #
#§§....# #
######.# #
#.# # #.#
# #.# #
#.# # #.#
#########


You could see 3 orcs and a hobgoblin.

Vanquished Creatures
  An orc (D:2)
  An endoplasm (D:2)
  A giant cockroach (D:2)
  3 hobgoblins
  4 jackals (D:2)
  A kobold (D:2)
  2 ball pythons
  3 frilled lizards
  2 rats (D:1)
18 creatures vanquished.

Notes
Turn   | Place    | Note
-------+----------+-------------------------------------------
     0 | D:1      | Snarg the Barachi Hexslinger began the quest for the Orb.
     0 | D:1      | Reached XP level 1. HP: 15/15 MP: 2/2
   476 | D:1      | Found Ajaedd's Antique Weapon Shoppe.
   700 | D:2      | Reached XP level 2. HP: 21/21 MP: 3/3
   703 | D:2      | Learned a level 2 spell: Jinxbite
   868 | D:2      | Killed from afar by an orc wizard

Illustrated notes

Levels and vault maps discovered:
D:1:      lightli_arrival_windingriver, layout_basic, serial_shops, shop
D:2:      layout_loops_ring

Action                     || total
---------------------------++-------
   Fire: Sling             ||    43
   Cast: Jinxbite          ||     2
Ability: Hop               ||     1
    Use: Scroll            ||     1
         Potion            ||     1
 Armour: Robe              ||     7
         Skin              ||     2
  Dodge: Dodged            ||     5

Table legend: (Time is in decaauts)
 A = Elapsed time spent in this place.
 B = Non-inter-level travel time spent in this place.
 C = Inter-level travel time spent in this place.
 D = Time resting spent in this place.
 E = Time spent auto-exploring this place.
 F = Levels seen in this place.
 G = Mean time per level.
                   A        B        C        D        E       F      G
               +--------+--------+--------+--------+--------+-----+--------+
         Total |   1034 |   1008 |     26 |      0 |    861 |   2 |  517.0 |
       Dungeon |   1034 |   1008 |     26 |      0 |    861 |   2 |  517.0 |
               +--------+--------+--------+--------+--------+-----+--------+

Top non-repeatable levels by time:
     D:1: 803 daAuts
     D:2: 231 daAuts
